 Dungeon Crawl Stone Soup version 0.25-a0-875-geaba134f46 (webtiles) character file.

Game seed: 4470323637101702899, levelgen mode: deterministic

1262 Flugkiller the Cudgeler (level 8, -1/67 HPs)
             Began as a Demonspawn Warper on May 1, 2020.
             Slain by an ice beast (14 damage)
             ... on level 5 of the Dungeon.
             The game lasted 00:07:43 (4472 turns).

Flugkiller the Cudgeler (Demonspawn Warper)         Turns: 4472, Time: 00:07:44

Health: -1/67      AC:  8    Str: 13    XL:     8   Next: 27%
Magic:  11/11      EV: 20    Int: 14    God:
Gold:   162        SH:  0    Dex: 14    Spells: 11/11 levels left

rFire    + . .     SeeInvis .   s - +2 whip (elec)
rCold    . . .     Gourm    .   (no shield)
rNeg     . . .     Faith    .   y - +2 robe of Limitation {+Blink MR++}
rPois    .         Spirit   .   E - +0 helmet
rElec    .         Reflect  .   (no cloak)
rCorr    .         Harm     .   (no gloves)
MR       ++...                  (no boots)
Stlth    +.........             (no amulet)
HPRegen  0.21/turn              (no ring)
MPRegen  0.12/turn              (no ring)

@: agile
A: rugged brown scales 3, fire resistance 1, powered by pain 1
a: Evoke Blink


You were on level 5 of the Dungeon.
You were not hungry.

You visited 1 branch of the dungeon, and saw 5 of its levels.

You collected 162 gold pieces.

Inventory:

Hand Weapons
 a - a +0 hand axe
 p - a +4 mace
   (You found it on level 2 of the Dungeon)
 s - a +2 whip of electrocution (weapon)
   (You took it off an orc on level 3 of the Dungeon)
 u - a +2 vampiric morningstar
   (You took it off an orc on level 3 of the Dungeon)
Missiles
 e - 4 boomerangs of dispersal
 x - 4 curare-tipped darts (quivered)
 C - 5 boomerangs
Armour
 b - a +0 leather armour
 y - the +2 robe of Limitation (worn) {+Blink MR++}
   (You found it on level 4 of the Dungeon)

   It affects your resistance to hostile enchantments.
   It lets you blink.
 E - a +0 helmet (worn)
   (You found it on level 5 of the Dungeon)
Jewellery
 q - a cursed -3 ring of evasion {unknown}
   (You found it on level 2 of the Dungeon)
 z - an uncursed ring of resist corrosion {unknown}
   (You found it on level 4 of the Dungeon)
Scrolls
 d - a scroll of blinking
 g - a scroll of remove curse
 i - a scroll of enchant weapon {unknown}
 j - a scroll of enchant armour
 l - a scroll of teleportation {unknown}
 m - a scroll of random uselessness {unknown}
 w - a scroll of fog {unknown}
Potions
 c - a potion of brilliance
 h - 2 potions of haste {unknown}
 k - a potion of curing
 n - a potion of berserk rage
 o - 3 potions of degeneration {unknown}
 r - 3 potions of lignification {unknown}
 t - a potion of flight {unknown}
 v - 2 potions of might
 A - a potion of resistance {unknown}
 D - a potion of invisibility {unknown}
Comestibles
 f - 11 rations


   Skills:
 + Level 5.4 Fighting
 - Level 1.7(4.1) Axes
 - Level 5.8(6.0) Maces & Flails
 - Level 0.8 Throwing
 - Level 0.8 Armour
 + Level 5.3 Dodging
 - Level 2.0 Spellcasting
   Level 2.6 Translocations


You had 11 spell levels left.
You didn't know any spells.
Your spell library contained the following spells:

 Spells                   Type           Power        Failure   Level  Hunger
 Blink                    Tloc           N/A          12%         2    ###....
 Shroud of Golubria       Chrm/Tloc      #.....       21%         2    ###....
 Magic Dart               Conj           #...         24%         1    ##.....
 Gell's Gravitas          Tloc           #.........   24%         3    ####...
 Lesser Beckoning         Tloc           #.........   24%         3    ####...
 Teleport Other           Tloc           #.......     24%         3    ####...
 Searing Ray              Conj           #.....       34%         2    ###....
 Confusing Touch          Hex            #.......     56%         3    ####...
 Dazzling Flash           Conj/Hex       #.....       56%         3    ####...
 Passage of Golubria      Tloc           N/A          61%         4    #####..
 Iskenderun's Mystic Bla  Conj/Tloc      #.......     80%         4    #####..
 Fulminant Prism          Conj/Hex       #.........   93%         4    #####..
 Petrify                  Tmut/Erth      #.......     93%         4    #####..
 Metabolic Englaciation   Hex/Ice        #.........   100%        5    ######.
 Yara's Violent Unravell  Hex/Tmut       #.........   100%        5    ######.


Dungeon Overview and Level Annotations

Branches:
Dungeon (5/15)
 Temple: D:4-7

Altars:
Elyvilon
Fedhas
Kikubaaqudgha
Okawaru
Qazlal
Sif Muna
Vehumet
Wu Jian
Zin


Innate Abilities, Weirdness & Mutations

You are completely covered in rugged brown scales. (AC +3, +7% HP)
Your flesh is heat resistant. (rF+)
You sometimes gain a little power by taking damage.


Message History

The ice beast freezes you.
* * * LOW HITPOINT WARNING * * *
The adder misses you.
You feel sick.
You hear the slow rusting of a very distant drain.
You feel sick. The adder closely misses you.
All of the chunks of flesh in your inventory have rotted away.
You feel sick. The hound bites you but does no damage.
The adder closely misses you.
You feel sick. The hound closely misses you.
You closely miss the hound. The hound misses you.
You barely miss the hound. The hound closely misses you.
Unknown command.
You hit the hound.
The hound is lightly wounded.
You feel sick. The hound closely misses you.
Unknown command.
You hit the hound. Lightning courses through the hound!
The hound is almost dead.
The hound closely misses you. The hound barely misses you.
You feel better. The hound misses you.
Unknown command.
You hit the hound.
You kill the hound!
The ice beast closely misses you.
You hit the adder. Lightning courses through the adder!!
You kill the adder!
You barely miss the ice beast.
The ice beast is heavily wounded.
The ice beast hits you but does no damage.
You hit the ice beast.
The ice beast is severely wounded.
You hit the ice beast.
The ice beast is severely wounded.
The ice beast hits you.
* * * LOW HITPOINT WARNING * * *
The ice beast freezes you!
* * * LOW HITPOINT WARNING * * *
You focus on the pain.
You feel agile all of a sudden.
You hit the ice beast.
The ice beast is almost dead.
The ice beast hits you but does no damage.
Unknown command.
You hit the ice beast.
The ice beast is almost dead.
The ice beast hits you.
* * * LOW HITPOINT WARNING * * *
The ice beast freezes you!
You die...

.#.## ##...........#........
....######..........##.......
.......###.........## #......
...................# ......
..................## ......
........##...#....# ..>..
.........###..#..## .....
#.........###.†### ##..
##......### ##.Y@## ##...###
##...# ##### ###.# ###


You could see an ice beast.

Vanquished Creatures
  Menkaure (D:4)
  2 sky beasts
  3 ogres (D:4)
  A scorpion (D:4)
  2 howler monkeys
  A crimson imp (D:5)
  4 hounds
  A human zombie (D:4)
  An orc wizard (D:3)
  3 human skeletons (D:4)
  2 worker ants (D:4)
  Terence (D:3)
  Natasha (D:3)
  A hound skeleton (D:4)
  8 adders
  3 oozes
  5 worms
  2 dart slugs
  5 orcs (D:3)
  2 giant cockroaches
  7 hobgoblins
  14 jackals
  5 kobolds
  A quokka (D:2)
  2 bats
  7 frilled lizards
  8 goblins
  A jackal skeleton (D:5)
  2 orc skeletons (D:4)
  A quokka skeleton (D:4)
  A quokka zombie (D:5)
  9 rats
107 creatures vanquished.

Notes
Turn   | Place    | Note
-------+----------+-------------------------------------------
     0 | D:1      | Flugkiller the Demonspawn Warper began the quest for the
                  | Orb.
     0 | D:1      | Reached XP level 1. HP: 16/16 MP: 3/3
   164 | D:1      | Gained mutation: Your flesh is heat resistant. (rF+)
                  | [demonic ancestry]
   164 | D:1      | Reached XP level 2. HP: 9/23 MP: 5/5
   750 | D:2      | Gained mutation: You are partially covered in rugged brown
                  | scales. (AC +1, +3% HP) [demonic ancestry]
   750 | D:2      | Reached XP level 3. HP: 11/29 MP: 6/6
  1674 | D:2      | Found an ancient bone altar of Kikubaaqudgha.
  1767 | D:2      | Found a blossoming altar of Fedhas.
  1980 | D:3      | Gained mutation: You are mostly covered in rugged brown
                  | scales. (AC +2, +5% HP) [demonic ancestry]
  1980 | D:3      | Reached XP level 4. HP: 23/39 MP: 7/7
  2174 | D:3      | Found a radiant altar of Vehumet.
  2322 | D:3      | Reached skill level 5 in Fighting
  2383 | D:3      | Found a shimmering blue altar of Sif Muna.
  2385 | D:3      | Found a glowing silver altar of Zin.
  2387 | D:3      | Gained mutation: You sometimes gain a little power by
                  | taking damage. [demonic ancestry]
  2387 | D:3      | Reached XP level 5. HP: 46/46 MP: 8/8
  2403 | D:3      | Found a stormy altar of Qazlal.
  2403 | D:3      | Found a white marble altar of Elyvilon.
  2404 | D:3      | Found an iron altar of Okawaru.
  2406 | D:3      | Found an ornate altar of the Wu Jian Council.
  2453 | D:3      | Noticed Terence
  2463 | D:3      | Killed Terence
  2463 | D:3      | Reached skill level 1 in Maces & Flails
  2697 | D:3      | Noticed Natasha
  2709 | D:3      | Killed Natasha
  2930 | D:4      | Noticed an ogre
  2947 | D:4      | Killed an ogre
  2947 | D:4      | Gained mutation: You are completely covered in rugged brown
                  | scales. (AC +3, +7% HP) [demonic ancestry]
  2947 | D:4      | Reached XP level 6. HP: 34/54 MP: 9/9
  3434 | D:4      | Noticed Menkaure
  3447 | D:4      | Reached XP level 7. HP: 50/59 MP: 10/10
  3467 | D:4      | Killed Menkaure
  3511 | D:4      | Got a heavy robe
  3537 | D:4      | Identified the +2 robe of Limitation {+Blink MR++} (You
                  | found it on level 4 of the Dungeon)
  3588 | D:4      | Reached skill level 5 in Maces & Flails
  3956 | D:4      | Reached skill level 5 in Dodging
  3956 | D:4      | Reached XP level 8. HP: 58/66 MP: 11/11
  4193 | D:5      | Entered Level 5 of the Dungeon
  4472 | D:5      | Slain by an ice beast

Levels and vault maps discovered:
D:1:      ebering_trefoil_3fold, layout_rooms, minmay_pentomino_o4
D:2:      layout_rooms, grunt_temple_overflow_growth_and_decay
D:3:      layout_loops_cross, lemuel_coloured_pillars_altar, minitemple,
          st_stairs_5, uniq_natasha, uniq_terence
D:4:      layout_cave_pools, nicolae_ossuary_entry_catacombs, uniq_menkaure
D:5:      layout_cave_pods, riverfiend_overflow_shadow_ancestor,
          portal_sewer_entry_e, first_ration, minmay_misc_feat_enclosed

Skill      XL: |  1  2  3  4  5  6  7 |
---------------+----------------------+-----
Fighting       | 3 4 5 |  5.4
Dodging        | 2 3 5 |  5.3
Maces & Flails | 2 4 5 |  5.8
Axes           | |  1.7
Throwing       | |  0.8
Armour         | |  0.8
Spellcasting   | |  2.0
Translocations | |  2.6

Action                   |  1- 3 |  4- 6 |  7- 9 || total
-------------------------+-------+-------+-------++-------
Melee: Hand axe          |   115 |       |       ||   115
       Mace              |    22 |    17 |       ||    39
       Whip              |       |   113 |   132 ||   245
       Morningstar       |       |       |    15 ||    15
Throw: Boomerang         |       |     1 |       ||     1
       Dart              |       |     8 |     3 ||    11
  Use: Scroll            |     5 |       |     2 ||     7
       Potion            |       |     1 |     2 ||     3
 Stab: Sleeping          |       |     1 |       ||     1
  Eat: Ration            |     1 |       |       ||     1
       Chunk             |       |     5 |     3 ||     8
Armor: Leather armour    |    29 |    51 |     5 ||    85
       Robe              |       |       |    33 ||    33
Dodge: Dodged            |    72 |   117 |    84 ||   273

Table legend:
 A = Non-vault XP
 B = Vault XP
 C = Vault XP percentage of total XP
 D = Non-vault monster count
 E = Vault monster count
 F = Vault count percentage of total count
                 A         B        C        D         E       F
            +---------+---------+-------+---------+---------+-------
      Total |    1402 |     401 |  22.2 |      93 |      14 |  13.1
            +---------+---------+-------+---------+---------+-------
        D:1 |      28 |       5 |  15.2 |      15 |       3 |  16.7
        D:2 |      59 |       0 |   0.0 |      17 |       0 |   0.0
        D:3 |     241 |      75 |  23.7 |      33 |       4 |  10.8
        D:4 |     826 |     321 |  28.0 |      17 |       7 |  29.2
        D:5 |     248 |       0 |   0.0 |      11 |       0 |   0.0
            +---------+---------+-------+---------+---------+-------
